2332 views
Uploaded 2022-04-26 00:21:01
Game version 1.32.10
54:32 long 4on4 ladder game on (8)Feralas_LV
Saved by Cabeelibob
2332 views
Uploaded 2022-04-26 00:21:01
Game version 1.32.10
54:32 long 4on4 ladder game on (8)Feralas_LV


176 units @ 17.3k
/ 2.5k
165 buildings @ 14.9k
/ 6.6k
DudeWhy
(236)
(54:31) : 

| Orb of Fire | 1 | 325 |
| Boots of Speed | 2 | 500 |
| Healing Salve | 1 | 100 |
| Orb of Lightning | 1 | 375 |
| total: | 5 | 1300g |
| Peasant | 23 | 1725 | / | 0 |
| Mortar Team | 8 | 1440 | / | 560 |
| Flying Machine | 5 | 500 | / | 150 |
| total: | 36 | 3665g | / | 710w |
| Scout Tower | 33 | 990 | / | 660 |
| Arcane Tower | 1 | 70 | / | 50 |
| Guard Tower | 15 | 1050 | / | 750 |
| Altar of Kings | 1 | 180 | / | 50 |
| Farm | 15 | 1200 | / | 300 |
| Lumber Mill | 4 | 480 | / | 0 |
| Town Hall | 1 | 385 | / | 205 |
| Blacksmith | 1 | 140 | / | 60 |
| Arcane Vault | 1 | 130 | / | 30 |
| Workshop | 2 | 280 | / | 280 |
| Keep | 1 | 320 | / | 210 |
| Castle | 1 | 360 | / | 210 |
| total: | 58 | 3785g | / | 1585w |
| 0:02 | Peasant |
| 0:04 | Peasant |
| 0:17 | Altar of Kings |
| 0:18 | Peasant |
| 0:33 | Farm |
| 0:33 | Peasant |
| 0:48 | Lumber Mill |
| 0:49 | Peasant |
| 0:53 | Peasant |
| 0:59 | Peasant |
| 1:10 | Farm |
| 1:15 | Scout Tower |
| 1:16 | Peasant |
| 1:28 | Peasant |
| 1:46 | Arcane Tower |
| 1:50 | Peasant |
| 1:53 | Improved Lumber Harvesting |
| 1:59 | Farm |
| 2:04 | Peasant |
| 2:12 | Peasant |
| 2:27 | Storm Bolt |
| 2:28 | Peasant |
| 2:30 | Scout Tower |
| 2:30 | Scout Tower |
| 2:42 | Peasant |
| 2:50 | Improved Masonry |
| 2:51 | Peasant |
| 3:28 | Storm Bolt |
| 3:43 | Guard Tower |
| 3:45 | Scout Tower |
| 3:46 | Peasant |
| 3:57 | Town Hall |
| 4:12 | Peasant |
| 4:13 | Guard Tower |
| 4:14 | Peasant |
| 4:16 | Scout Tower |
| 4:17 | Scout Tower |
| 4:37 | Peasant |
| 4:55 | Guard Tower |
| 4:57 | Scout Tower |
| 4:58 | Scout Tower |
| 4:59 | Scout Tower |
| 5:02 | Peasant |
| 5:02 | Peasant |
| 5:39 | Guard Tower |
| 5:43 | Peasant |
| 5:43 | Peasant |
| 5:54 | Scout Tower |
| 5:54 | Scout Tower |
| 5:55 | Scout Tower |
| 6:06 | Healing Salve |
| 6:16 | Guard Tower |
| 6:24 | Keep |
| 6:30 | Scout Tower |
| 6:30 | Scout Tower |
| 6:32 | Guard Tower |
| 7:52 | Guard Tower |
| 7:53 | Scout Tower |
| 7:54 | Scout Tower |
| 7:55 | Scout Tower |
| 8:01 | Guard Tower |
| 8:30 | Guard Tower |
| 8:56 | Scout Tower |
| 8:59 | Scout Tower |
| 9:54 | Scout Tower |
| 9:55 | Scout Tower |
| 10:02 | Scout Tower |
| 10:04 | Scout Tower |
| 10:12 | Blacksmith |
| 10:20 | Guard Tower |
| 11:02 | Guard Tower |
| 11:07 | Holy Light |
| 11:12 | Workshop |
| 11:14 | Castle |
| 11:16 | Black Gunpowder |
| 11:19 | Guard Tower |
| 11:39 | Advanced Lumber Harvesting |
| 11:39 | Advanced Masonry |
| 12:06 | Mortar Team |
| 12:21 | Refined Gunpowder |
| 12:27 | Mortar Team |
| 12:36 | Scout Tower |
| 12:37 | Scout Tower |
| 12:38 | Scout Tower |
| 12:39 | Scout Tower |
| 12:40 | Scout Tower |
| 12:59 | Farm |
| 13:00 | Farm |
| 13:28 | Farm |
| 13:30 | Scout Tower |
| 13:33 | Scout Tower |
| 13:34 | Scout Tower |
| 13:36 | Farm |
| 13:44 | Guard Tower |
| 13:48 | Farm |
| 13:49 | Farm |
| 13:50 | Farm |
| 14:11 | Bash |
| 14:13 | Divine Shield |
| 14:14 | Divine Shield |
| 14:20 | Lumber Mill |
| 14:23 | Fragmentation Shards |
| 14:23 | Flare |
| 14:37 | Farm |
| 14:37 | Farm |
| 14:51 | Farm |
| 14:56 | Farm |
| 14:57 | Farm |
| 15:03 | Iron Plating |
| 15:04 | Studded Leather Armor |
| 15:05 | Mortar Team |
| 15:08 | Workshop |
| 15:27 | Lumber Mill |
| 15:30 | Lumber Mill |
| 16:46 | Mortar Team |
| 16:46 | Mortar Team |
| 16:46 | Mortar Team |
| 18:58 | Storm Bolt |
| 18:59 | Storm Bolt |
| 19:01 | Storm Bolt |
| 19:02 | Divine Shield |
| 20:38 | Scout Tower |
| 20:38 | Scout Tower |
| 22:18 | Holy Light |
| 22:30 | Mortar Team |
| 22:30 | Mortar Team |
| 23:25 | Guard Tower |
| 23:47 | Flying Machine |
| 23:47 | Flying Machine |
| 23:47 | Flying Machine |
| 24:32 | Guard Tower |
| 24:56 | Flying Machine |
| 24:56 | Flying Machine |
| 25:29 | Imbued Masonry |
| 27:30 | Holy Light |
| 33:13 | Bash |
| 33:14 | Bash |
| 33:15 | Divine Shield |
| 33:17 | Divine Shield |
| 34:46 | Boots of Speed |
| 34:47 | Boots of Speed |
| 34:58 | Arcane Vault |
| 35:09 | Orb of Lightning |
| 35:18 | Orb of Fire |
| 39:13 | Storm Bolt |
| 39:15 | Holy Light |
| 39:17 | Holy Light |
| 45:00 | Avatar |
| 46:28 | Avatar |
| 48:36 | Resurrection |
| 48:39 | Avatar |
| 50:46 | Resurrection |
| Right click | 2546 |
| Select group | 664 |
| Select | 435 |
| Use ability | 188 |
| Misc. action | 140 |
| Build/train/purchase | 139 |
| Resource trade | 109 |
| Minimap ping | 38 |
| Assign group | 22 |
| Esc | 8 |
| Item give/drop | 1 |
Cabeelibob
(194)
(54:32) : 
| Healing Salve | 4 | 400 |
| Lesser Clarity Potion | 10 | 700 |
| Orb of Lightning | 1 | 375 |
| Tiny Great Hall | 6 | 3600 |
| Potion of Mana | 2 | 400 |
| Potion of Healing | 1 | 150 |
| Scroll of Town Portal | 1 | 350 |
| Staff of Teleportation | 1 | 150 |
| Boots of Speed | 1 | 250 |
| total: | 27 | 6375g |
| Peon | 47 | 3525 | / | 0 |
| Troll Witch Doctor | 4 | 580 | / | 100 |
| Tauren | 3 | 840 | / | 240 |
| total: | 54 | 4945g | / | 340w |
| Watch Tower | 7 | 770 | / | 560 |
| Altar of Storms | 2 | 360 | / | 100 |
| Orc Burrow | 6 | 960 | / | 240 |
| War Mill | 3 | 615 | / | 0 |
| Great Hall | 1 | 385 | / | 185 |
| Voodoo Lounge | 1 | 130 | / | 30 |
| Barracks | 1 | 180 | / | 50 |
| Spirit Lodge | 1 | 150 | / | 150 |
| Tauren Totem | 1 | 135 | / | 155 |
| Stronghold | 1 | 315 | / | 190 |
| Fortress | 1 | 325 | / | 190 |
| total: | 23 | 3685g | / | 1470w |
| 0:06 | Altar of Storms |
| 0:10 | Orc Burrow |
| 0:15 | Peon |
| 0:15 | Peon |
| 0:28 | Peon |
| 1:03 | Peon |
| 1:09 | Orc Burrow |
| 1:14 | War Mill |
| 1:42 | Peon |
| 2:03 | Peon |
| 2:08 | Critical Strike |
| 2:18 | Peon |
| 2:22 | Peon |
| 2:38 | Peon |
| 2:59 | Peon |
| 3:43 | Peon |
| 3:43 | Peon |
| 3:46 | Watch Tower |
| 3:51 | Watch Tower |
| 4:12 | Great Hall |
| 4:43 | Voodoo Lounge |
| 5:05 | Watch Tower |
| 5:07 | Watch Tower |
| 5:37 | Spiked Barricades |
| 6:00 | Orc Burrow |
| 6:06 | Wind Walk |
| 7:37 | Healing Salve |
| 7:40 | Lesser Clarity Potion |
| 8:13 | Healing Salve |
| 8:18 | Lesser Clarity Potion |
| 8:20 | Stronghold |
| 9:02 | Watch Tower |
| 9:06 | Watch Tower |
| 9:20 | Scroll of Town Portal |
| 10:03 | Watch Tower |
| 10:07 | Altar of Storms |
| 10:33 | Staff of Teleportation |
| 10:40 | Boots of Speed |
| 11:31 | Peon |
| 11:32 | Peon |
| 12:27 | Critical Strike |
| 12:47 | Peon |
| 12:47 | Peon |
| 13:00 | Orc Burrow |
| 13:58 | Wind Walk |
| 14:31 | Lesser Clarity Potion |
| 14:44 | Fortress |
| 14:56 | Healing Salve |
| 17:05 | Orb of Lightning |
| 18:50 | Peon |
| 18:50 | Peon |
| 18:51 | Peon |
| 18:53 | Peon |
| 19:02 | Tiny Great Hall |
| 19:05 | Lesser Clarity Potion |
| 20:05 | Peon |
| 20:05 | Peon |
| 20:05 | Peon |
| 20:19 | Peon |
| 20:27 | Peon |
| 20:35 | Peon |
| 20:35 | Peon |
| 20:41 | Peon |
| 21:37 | Tiny Great Hall |
| 22:36 | Peon |
| 22:36 | Peon |
| 22:36 | Peon |
| 22:36 | Peon |
| 22:37 | Peon |
| 23:22 | Lesser Clarity Potion |
| 24:21 | Tiny Great Hall |
| 24:59 | Peon |
| 25:00 | Peon |
| 25:00 | Peon |
| 25:00 | Peon |
| 25:00 | Peon |
| 25:28 | Peon |
| 25:28 | Peon |
| 25:28 | Peon |
| 25:28 | Peon |
| 25:36 | Spirit Lodge |
| 27:12 | Witch Doctor Adept Training |
| 27:54 | Lesser Clarity Potion |
| 28:42 | Tiny Great Hall |
| 29:20 | Critical Strike |
| 29:41 | Witch Doctor Master Training |
| 29:42 | Troll Witch Doctor |
| 29:43 | Troll Witch Doctor |
| 29:43 | Troll Witch Doctor |
| 29:43 | Troll Witch Doctor |
| 29:45 | Peon |
| 29:45 | Peon |
| 29:45 | Peon |
| 29:45 | Peon |
| 29:46 | Peon |
| 29:49 | Lesser Clarity Potion |
| 31:04 | Lesser Clarity Potion |
| 31:06 | Tiny Great Hall |
| 35:19 | Tiny Great Hall |
| 35:59 | Bladestorm |
| 39:55 | Lesser Clarity Potion |
| 39:59 | Potion of Mana |
| 40:01 | Potion of Healing |
| 40:02 | Healing Salve |
| 44:48 | Wind Walk |
| 47:35 | Mirror Image |
| 48:11 | Tauren Totem |
| 49:29 | Lesser Clarity Potion |
| 49:31 | Potion of Mana |
| 50:52 | War Mill |
| 53:08 | Pulverize |
| 53:08 | Tauren |
| 53:09 | Tauren |
| 53:09 | Tauren |
| 53:11 | Steel Armor |
| 53:14 | War Mill |
| 53:20 | Barracks |
| 53:55 | Orc Burrow |
| 53:56 | Orc Burrow |
| 54:07 | Steel Melee Weapons |
| 54:28 | Thorium Armor |
| Right click | 1760 |
| Select | 293 |
| Build/train/purchase | 259 |
| Select group | 210 |
| Misc. action | 194 |
| Chat | 48 |
| Resource trade | 47 |
| Use ability | 35 |
| Minimap ping | 15 |
| Remove unit | 13 |
| Item give/drop | 9 |
| Assign group | 6 |
| Esc | 1 |


| Peasant | 11 | 825 | / | 0 |
| Flying Machine | 35 | 3500 | / | 1050 |
| Dragonhawk Rider | 9 | 1800 | / | 270 |
| Mortar Team | 2 | 360 | / | 140 |
| total: | 57 | 6485g | / | 1460w |
| Scout Tower | 1 | 30 | / | 20 |
| Arcane Tower | 1 | 70 | / | 50 |
| Altar of Kings | 1 | 180 | / | 50 |
| Farm | 10 | 800 | / | 200 |
| Blacksmith | 1 | 140 | / | 60 |
| Lumber Mill | 1 | 120 | / | 0 |
| Arcane Vault | 1 | 130 | / | 30 |
| Barracks | 1 | 160 | / | 60 |
| Gryphon Aviary | 1 | 140 | / | 150 |
| Workshop | 3 | 420 | / | 420 |
| Keep | 1 | 320 | / | 210 |
| Castle | 2 | 720 | / | 420 |
| total: | 20 | 2120g | / | 990w |
| 0:03 | Peasant |
| 0:03 | Peasant |
| 0:08 | Altar of Kings |
| 0:15 | Farm |
| 0:15 | Farm |
| 0:21 | Peasant |
| 0:41 | Peasant |
| 0:59 | Peasant |
| 1:09 | Blacksmith |
| 1:14 | Lumber Mill |
| 1:16 | Peasant |
| 1:16 | Peasant |
| 1:27 | Peasant |
| 1:30 | Farm |
| 1:49 | Peasant |
| 1:56 | Peasant |
| 1:56 | Peasant |
| 2:34 | Keep |
| 2:42 | Black Gunpowder |
| 2:47 | Improved Lumber Harvesting |
| 2:59 | Scout Tower |
| 3:23 | Improved Masonry |
| 3:34 | Arcane Tower |
| 3:37 | Farm |
| 3:44 | Iron Plating |
| 4:14 | Farm |
| 4:16 | Farm |
| 4:55 | Castle |
| 4:58 | Gryphon Aviary |
| 5:02 | Workshop |
| 5:05 | Workshop |
| 5:14 | Workshop |
| 5:17 | Refined Gunpowder |
| 5:18 | Advanced Masonry |
| 5:25 | Arcane Vault |
| 5:35 | Farm |
| 5:36 | Farm |
| 6:10 | Flying Machine |
| 6:11 | Flak Cannons |
| 6:22 | Flying Machine |
| 6:33 | Flying Machine |
| 6:33 | Flying Machine |
| 6:38 | Steel Plating |
| 6:51 | Farm |
| 6:54 | Farm |
| 6:58 | Flying Machine |
| 6:58 | Flying Machine |
| 6:59 | Flying Machine |
| 7:01 | Flying Machine |
| 7:01 | Flying Machine |
| 7:38 | Flying Machine Bombs |
| 7:39 | Flying Machine |
| 7:39 | Flying Machine |
| 7:41 | Imbued Gunpowder |
| 7:44 | Flying Machine |
| 7:45 | Flying Machine |
| 7:52 | Cloud |
| 8:16 | Flying Machine |
| 8:42 | Flying Machine |
| 8:42 | Flying Machine |
| 8:50 | Dragonhawk Rider |
| 8:50 | Dragonhawk Rider |
| 8:51 | Dragonhawk Rider |
| 8:55 | Bash |
| 8:58 | Holy Light |
| 9:10 | Flying Machine |
| 9:11 | Flying Machine |
| 9:11 | Flying Machine |
| 9:11 | Flying Machine |
| 9:11 | Flying Machine |
| 10:05 | Flying Machine |
| 10:07 | Mithril Plating |
| 14:39 | Dragonhawk Rider |
| 14:39 | Dragonhawk Rider |
| 14:39 | Dragonhawk Rider |
| 17:08 | Studded Leather Armor |
| 17:11 | Barracks |
| 19:00 | Flying Machine |
| 19:00 | Flying Machine |
| 19:01 | Flying Machine |
| 19:01 | Flying Machine |
| 19:58 | Animal War Training |
| 20:01 | Reinforced Leather Armor |
| 20:19 | Flying Machine |
| 20:30 | Flying Machine |
| 30:27 | Bash |
| 32:37 | Dragonhawk Rider |
| 32:37 | Dragonhawk Rider |
| 32:38 | Dragonhawk Rider |
| 32:46 | Flying Machine |
| 32:46 | Flying Machine |
| 32:46 | Flying Machine |
| 32:47 | Flying Machine |
| 32:48 | Flying Machine |
| 34:08 | Dragonhide Armor |
| 35:01 | Divine Shield |
| 37:37 | Storm Bolt |
| 37:48 | Storm Bolt |
| 39:08 | Holy Light |
| 40:43 | Flying Machine |
| 40:43 | Flying Machine |
| 40:46 | Mortar Team |
| 40:47 | Mortar Team |
| 48:59 | Resurrection |
| 51:59 | Flare |
| 52:00 | Fragmentation Shards |
| Right click | 2889 |
| Select group | 2598 |
| Select | 456 |
| Build/train/purchase | 111 |
| Use ability | 50 |
| Assign group | 38 |
| Resource trade | 37 |
| Minimap ping | 22 |
| Misc. action | 21 |
| Chat | 11 |
| Esc | 8 |
| Remove unit | 1 |


| Peasant | 29 | 2175 | / | 0 |
| total: | 29 | 2175g | / | 0w |
| Scout Tower | 45 | 1350 | / | 900 |
| Guard Tower | 25 | 1750 | / | 1250 |
| Altar of Kings | 2 | 360 | / | 100 |
| Farm | 7 | 560 | / | 140 |
| Lumber Mill | 3 | 360 | / | 0 |
| Town Hall | 7 | 2695 | / | 1435 |
| Keep | 1 | 320 | / | 210 |
| total: | 64 | 5325g | / | 2575w |
| 0:02 | Peasant |
| 0:02 | Peasant |
| 0:08 | Altar of Kings |
| 0:10 | Peasant |
| 0:32 | Farm |
| 0:35 | Peasant |
| 0:47 | Peasant |
| 0:55 | Peasant |
| 1:03 | Lumber Mill |
| 1:17 | Peasant |
| 1:28 | Peasant |
| 1:31 | Farm |
| 1:33 | Scout Tower |
| 2:01 | Peasant |
| 2:11 | Storm Bolt |
| 2:24 | Improved Lumber Harvesting |
| 2:25 | Improved Masonry |
| 2:25 | Peasant |
| 2:26 | Peasant |
| 2:29 | Farm |
| 2:39 | Scout Tower |
| 2:49 | Guard Tower |
| 2:52 | Peasant |
| 2:57 | Scout Tower |
| 3:00 | Peasant |
| 3:06 | Guard Tower |
| 3:26 | Scout Tower |
| 3:28 | Keep |
| 3:32 | Guard Tower |
| 3:57 | Scout Tower |
| 4:00 | Scout Tower |
| 4:02 | Scout Tower |
| 4:03 | Scout Tower |
| 4:05 | Guard Tower |
| 4:11 | Scout Tower |
| 4:13 | Scout Tower |
| 4:18 | Scout Tower |
| 4:37 | Guard Tower |
| 4:38 | Scout Tower |
| 4:39 | Scout Tower |
| 4:40 | Scout Tower |
| 4:40 | Scout Tower |
| 4:50 | Guard Tower |
| 5:03 | Guard Tower |
| 5:13 | Guard Tower |
| 5:27 | Guard Tower |
| 5:31 | Farm |
| 6:06 | Guard Tower |
| 6:09 | Guard Tower |
| 6:16 | Scout Tower |
| 6:24 | Scout Tower |
| 6:29 | Guard Tower |
| 6:42 | Scout Tower |
| 6:44 | Scout Tower |
| 6:53 | Holy Light |
| 6:55 | Advanced Lumber Harvesting |
| 7:01 | Advanced Masonry |
| 7:30 | Scout Tower |
| 7:38 | Guard Tower |
| 7:43 | Scout Tower |
| 7:45 | Scout Tower |
| 7:57 | Guard Tower |
| 8:22 | Scout Tower |
| 8:41 | Scout Tower |
| 8:50 | Scout Tower |
| 8:57 | Guard Tower |
| 9:01 | Scout Tower |
| 9:16 | Bash |
| 9:23 | Lumber Mill |
| 9:28 | Scout Tower |
| 9:38 | Scout Tower |
| 9:43 | Scout Tower |
| 9:45 | Scout Tower |
| 10:04 | Scout Tower |
| 10:16 | Scout Tower |
| 10:48 | Lumber Mill |
| 10:53 | Guard Tower |
| 11:19 | Guard Tower |
| 11:22 | Guard Tower |
| 11:31 | Altar of Kings |
| 11:42 | Scout Tower |
| 11:47 | Guard Tower |
| 11:49 | Scout Tower |
| 12:08 | Scout Tower |
| 12:13 | Scout Tower |
| 12:14 | Guard Tower |
| 14:20 | Town Hall |
| 15:07 | Town Hall |
| 15:56 | Town Hall |
| 16:14 | Guard Tower |
| 16:16 | Scout Tower |
| 16:16 | Scout Tower |
| 16:24 | Guard Tower |
| 16:33 | Scout Tower |
| 20:44 | Guard Tower |
| 25:57 | Holy Light |
| 26:29 | Town Hall |
| 26:37 | Town Hall |
| 26:52 | Scout Tower |
| 30:08 | Peasant |
| 30:08 | Peasant |
| 30:08 | Peasant |
| 30:08 | Peasant |
| 30:09 | Peasant |
| 30:09 | Peasant |
| 30:40 | Peasant |
| 30:40 | Peasant |
| 30:50 | Farm |
| 32:54 | Peasant |
| 32:54 | Peasant |
| 34:27 | Peasant |
| 34:27 | Peasant |
| 34:46 | Guard Tower |
| 34:50 | Farm |
| 34:55 | Peasant |
| 35:00 | Divine Shield |
| 39:05 | Peasant |
| 39:05 | Peasant |
| 39:05 | Peasant |
| 43:05 | Scout Tower |
| 43:06 | Scout Tower |
| 43:07 | Scout Tower |
| 43:09 | Scout Tower |
| 43:14 | Scout Tower |
| 43:17 | Farm |
| 45:29 | Guard Tower |
| 51:52 | Town Hall |
| 51:59 | Town Hall |
| Right click | 2012 |
| Select group | 503 |
| Select | 474 |
| Build/train/purchase | 81 |
| Misc. action | 37 |
| Resource trade | 28 |
| Use ability | 21 |
| Assign group | 9 |
| Minimap ping | 5 |
| Remove unit | 1 |
253 units @ 31.7k
/ 5k
215 buildings @ 23.6k
/ 12.3k


| Orb of Fire | 1 | 325 |
| Scroll of Healing | 1 | 250 |
| Scroll of Town Portal | 3 | 1050 |
| Boots of Speed | 3 | 750 |
| Potion of Lesser Invulnerability | 2 | 300 |
| total: | 10 | 2675g |
| Peasant | 50 | 3750 | / | 0 |
| Footman | 7 | 945 | / | 0 |
| Gryphon Rider | 3 | 840 | / | 210 |
| Siege Engine | 5 | 975 | / | 300 |
| Flying Machine | 1 | 100 | / | 30 |
| Mortar Team | 5 | 900 | / | 350 |
| Forest Troll Shadow Priest | 2 | 390 | / | 20 |
| Forest Troll Berserker | 2 | 490 | / | 60 |
| Mud Golem | 1 | 145 | / | 10 |
| Ogre Mauler | 1 | 300 | / | 0 |
| total: | 77 | 8835g | / | 980w |
| Scout Tower | 55 | 1650 | / | 1100 |
| Guard Tower | 32 | 2240 | / | 1600 |
| Arcane Tower | 5 | 350 | / | 250 |
| Altar of Kings | 2 | 360 | / | 100 |
| Farm | 23 | 1840 | / | 460 |
| Barracks | 1 | 160 | / | 60 |
| Town Hall | 7 | 2695 | / | 1435 |
| Lumber Mill | 2 | 240 | / | 0 |
| Blacksmith | 2 | 280 | / | 120 |
| Arcane Vault | 1 | 130 | / | 30 |
| Cannon Tower | 2 | 240 | / | 200 |
| Gryphon Aviary | 2 | 280 | / | 300 |
| Workshop | 7 | 980 | / | 980 |
| Keep | 3 | 960 | / | 630 |
| Castle | 2 | 720 | / | 420 |
| total: | 102 | 8615g | / | 4585w |
| 0:03 | Peasant |
| 0:03 | Peasant |
| 0:03 | Peasant |
| 0:03 | Peasant |
| 0:04 | Peasant |
| 0:04 | Peasant |
| 0:24 | Altar of Kings |
| 0:36 | Farm |
| 0:52 | Barracks |
| 1:07 | Farm |
| 1:08 | Farm |
| 1:08 | Farm |
| 1:56 | Footman |
| 1:56 | Footman |
| 1:57 | Footman |
| 1:57 | Footman |
| 2:06 | Footman |
| 2:27 | Summon Water Elemental |
| 2:35 | Defend |
| 2:58 | Footman |
| 2:59 | Footman |
| 3:37 | Brilliance Aura |
| 3:56 | Town Hall |
| 4:29 | Keep |
| 4:33 | Lumber Mill |
| 5:00 | Forest Troll Shadow Priest |
| 5:00 | Forest Troll Berserker |
| 5:21 | Brilliance Aura |
| 5:46 | Blacksmith |
| 5:47 | Improved Lumber Harvesting |
| 5:48 | Improved Masonry |
| 6:36 | Farm |
| 6:38 | Farm |
| 6:39 | Farm |
| 7:04 | Castle |
| 7:05 | Advanced Lumber Harvesting |
| 7:25 | Peasant |
| 7:25 | Peasant |
| 7:25 | Peasant |
| 7:26 | Peasant |
| 7:36 | Boots of Speed |
| 7:41 | Potion of Lesser Invulnerability |
| 7:41 | Scroll of Healing |
| 7:47 | Summon Water Elemental |
| 8:56 | Gryphon Aviary |
| 8:57 | Gryphon Aviary |
| 9:13 | Devotion Aura |
| 9:22 | Scroll of Town Portal |
| 9:23 | Boots of Speed |
| 9:25 | Scroll of Town Portal |
| 9:35 | Iron Forged Swords |
| 9:46 | Forest Troll Shadow Priest |
| 9:46 | Mud Golem |
| 9:47 | Ogre Mauler |
| 9:48 | Forest Troll Berserker |
| 11:01 | Gryphon Rider |
| 11:01 | Gryphon Rider |
| 11:04 | Gryphon Rider |
| 11:21 | Peasant |
| 11:22 | Peasant |
| 11:22 | Peasant |
| 11:37 | Peasant |
| 11:37 | Peasant |
| 11:37 | Peasant |
| 11:49 | Scout Tower |
| 11:50 | Scout Tower |
| 11:50 | Scout Tower |
| 11:51 | Scout Tower |
| 11:53 | Scout Tower |
| 11:54 | Scout Tower |
| 11:55 | Scout Tower |
| 11:57 | Scout Tower |
| 11:58 | Scout Tower |
| 12:00 | Scout Tower |
| 12:00 | Scout Tower |
| 12:01 | Scout Tower |
| 12:36 | Guard Tower |
| 12:54 | Scout Tower |
| 12:55 | Scout Tower |
| 12:57 | Scout Tower |
| 13:17 | Guard Tower |
| 13:20 | Guard Tower |
| 13:43 | Arcane Vault |
| 13:50 | Guard Tower |
| 13:56 | Guard Tower |
| 14:18 | Guard Tower |
| 14:31 | Guard Tower |
| 14:47 | Farm |
| 14:52 | Farm |
| 14:53 | Farm |
| 14:54 | Farm |
| 15:00 | Orb of Fire |
| 15:05 | Guard Tower |
| 15:20 | Guard Tower |
| 15:28 | Guard Tower |
| 15:40 | Guard Tower |
| 16:10 | Advanced Masonry |
| 16:24 | Scout Tower |
| 16:25 | Scout Tower |
| 16:27 | Scout Tower |
| 16:28 | Scout Tower |
| 16:28 | Scout Tower |
| 16:52 | Guard Tower |
| 16:58 | Guard Tower |
| 17:02 | Guard Tower |
| 17:36 | Guard Tower |
| 18:22 | Town Hall |
| 18:27 | Town Hall |
| 19:29 | Imbued Masonry |
| 19:42 | Scout Tower |
| 19:43 | Scout Tower |
| 19:44 | Scout Tower |
| 19:44 | Scout Tower |
| 19:45 | Scout Tower |
| 19:46 | Scout Tower |
| 19:47 | Scout Tower |
| 19:47 | Scout Tower |
| 19:48 | Scout Tower |
| 19:49 | Scout Tower |
| 19:59 | Peasant |
| 20:07 | Peasant |
| 20:25 | Peasant |
| 20:25 | Peasant |
| 20:30 | Peasant |
| 20:39 | Guard Tower |
| 20:42 | Guard Tower |
| 21:16 | Workshop |
| 21:20 | Guard Tower |
| 21:26 | Guard Tower |
| 21:41 | Peasant |
| 22:22 | Workshop |
| 22:24 | Workshop |
| 22:28 | Guard Tower |
| 25:05 | Summon Water Elemental |
| 27:38 | Town Hall |
| 30:32 | Peasant |
| 30:33 | Peasant |
| 30:33 | Peasant |
| 30:33 | Peasant |
| 30:35 | Peasant |
| 31:16 | Siege Engine |
| 31:17 | Barrage |
| 31:52 | Scout Tower |
| 32:09 | Siege Engine |
| 32:23 | Town Hall |
| 33:05 | Town Hall |
| 33:34 | Guard Tower |
| 33:36 | Arcane Tower |
| 33:52 | Flying Machine |
| 34:10 | Black Gunpowder |
| 35:00 | Peasant |
| 35:00 | Peasant |
| 35:00 | Peasant |
| 35:01 | Peasant |
| 35:01 | Peasant |
| 35:04 | Scout Tower |
| 35:05 | Scout Tower |
| 35:06 | Scout Tower |
| 35:07 | Scout Tower |
| 35:07 | Scout Tower |
| 35:08 | Scout Tower |
| 35:08 | Scout Tower |
| 35:09 | Scout Tower |
| 35:10 | Scout Tower |
| 35:30 | Peasant |
| 35:31 | Peasant |
| 35:33 | Peasant |
| 35:35 | Peasant |
| 35:39 | Guard Tower |
| 35:44 | Guard Tower |
| 35:58 | Guard Tower |
| 36:25 | Guard Tower |
| 36:27 | Arcane Tower |
| 36:46 | Scroll of Town Portal |
| 36:46 | Potion of Lesser Invulnerability |
| 36:47 | Boots of Speed |
| 36:51 | Peasant |
| 36:51 | Peasant |
| 36:52 | Peasant |
| 36:55 | Guard Tower |
| 36:57 | Guard Tower |
| 37:18 | Scout Tower |
| 37:18 | Scout Tower |
| 37:19 | Scout Tower |
| 37:20 | Scout Tower |
| 37:21 | Scout Tower |
| 37:21 | Scout Tower |
| 37:22 | Scout Tower |
| 37:23 | Scout Tower |
| 37:49 | Arcane Tower |
| 38:00 | Siege Engine |
| 38:05 | Refined Gunpowder |
| 38:10 | Guard Tower |
| 38:12 | Guard Tower |
| 38:30 | Keep |
| 38:38 | Guard Tower |
| 38:39 | Guard Tower |
| 39:04 | Cannon Tower |
| 39:12 | Cannon Tower |
| 39:16 | Peasant |
| 39:16 | Peasant |
| 39:16 | Peasant |
| 39:16 | Peasant |
| 39:21 | Peasant |
| 39:52 | Siege Engine |
| 40:02 | Divine Shield |
| 40:09 | Siege Engine |
| 40:41 | Altar of Kings |
| 40:46 | Blacksmith |
| 40:48 | Keep |
| 42:38 | Iron Plating |
| 42:45 | Scout Tower |
| 42:46 | Scout Tower |
| 42:47 | Scout Tower |
| 42:48 | Scout Tower |
| 42:49 | Scout Tower |
| 42:50 | Scout Tower |
| 42:51 | Scout Tower |
| 43:16 | Castle |
| 43:19 | Peasant |
| 43:19 | Peasant |
| 43:20 | Peasant |
| 43:20 | Peasant |
| 43:20 | Peasant |
| 43:20 | Peasant |
| 43:27 | Lumber Mill |
| 43:31 | Arcane Tower |
| 43:33 | Arcane Tower |
| 44:17 | Farm |
| 44:17 | Farm |
| 44:18 | Farm |
| 44:22 | Workshop |
| 44:23 | Workshop |
| 44:23 | Workshop |
| 44:24 | Workshop |
| 44:33 | Guard Tower |
| 44:39 | Farm |
| 44:40 | Farm |
| 44:41 | Farm |
| 44:41 | Farm |
| 44:42 | Farm |
| 44:42 | Farm |
| 46:13 | Fragmentation Shards |
| 46:24 | Farm |
| 46:25 | Farm |
| 46:25 | Farm |
| 46:46 | Imbued Gunpowder |
| 46:57 | Town Hall |
| 47:12 | Mortar Team |
| 47:13 | Mortar Team |
| 47:51 | Mortar Team |
| 49:18 | Divine Shield |
| 50:26 | Mortar Team |
| 51:03 | Mortar Team |
| Right click | 772 |
| Select | 610 |
| Build/train/purchase | 221 |
| Misc. action | 13 |
| Use ability | 8 |
| Item give/drop | 3 |


| Wisp | 8 | 480 | / | 0 |
| Archer | 9 | 1170 | / | 90 |
| Hippogryph | 4 | 640 | / | 80 |
| total: | 21 | 2290g | / | 170w |
| Altar of Elders | 1 | 180 | / | 50 |
| Moon Well | 5 | 900 | / | 200 |
| Ancient of War | 2 | 300 | / | 120 |
| Hunter's Hall | 1 | 210 | / | 100 |
| Ancient of Wind | 2 | 300 | / | 280 |
| Tree of Ages | 1 | 320 | / | 180 |
| Tree of Eternity | 1 | 330 | / | 200 |
| total: | 11 | 1890g | / | 750w |
| 0:03 | Wisp |
| 0:04 | Wisp |
| 0:04 | Wisp |
| 0:10 | Altar of Elders |
| 0:22 | Moon Well |
| 0:36 | Ancient of War |
| 0:49 | Wisp |
| 0:49 | Wisp |
| 0:49 | Wisp |
| 1:11 | Wisp |
| 1:44 | Ancient of War |
| 2:01 | Moon Well |
| 2:13 | Force of Nature |
| 2:16 | Archer |
| 2:19 | Wisp |
| 2:38 | Archer |
| 2:53 | Archer |
| 3:11 | Archer |
| 3:28 | Archer |
| 3:41 | Entangling Roots |
| 3:52 | Tree of Ages |
| 4:48 | Hunter's Hall |
| 4:51 | Archer |
| 4:54 | Moon Well |
| 5:43 | Moon Well |
| 5:55 | Archer |
| 5:56 | Archer |
| 6:19 | Ancient of Wind |
| 6:31 | Improved Bows |
| 6:41 | Ancient of Wind |
| 7:31 | Hippogryph |
| 7:45 | Trueshot Aura |
| 8:02 | Thorns Aura |
| 8:07 | Hippogryph |
| 8:09 | Moon Armor |
| 8:41 | Hippogryph |
| 8:43 | Strength of the Moon |
| 9:59 | Tree of Eternity |
| 10:02 | Archer |
| 10:11 | Hippogryph |
| 10:16 | Moon Well |
| 11:14 | Searing Arrows |
| 13:33 | Force of Nature |
| 17:05 | Trueshot Aura |
| 26:20 | Entangling Roots |
| 31:07 | Searing Arrows |
| Right click | 885 |
| Select | 187 |
| Build/train/purchase | 45 |
| Minimap ping | 44 |
| Use ability | 34 |
| Assign group | 20 |
| Select group | 6 |
| Resource trade | 5 |
| Chat | 5 |
| Esc | 4 |


| Orb of Venom | 2 | 650 |
| Anti-magic Potion | 2 | 200 |
| Scroll of Town Portal | 1 | 350 |
| total: | 5 | 1200g |
| Wisp | 38 | 2280 | / | 0 |
| Archer | 9 | 1170 | / | 90 |
| Hippogryph | 14 | 2240 | / | 280 |
| Mountain Giant | 2 | 700 | / | 200 |
| Dryad | 4 | 580 | / | 240 |
| Druid of the Claw | 1 | 255 | / | 80 |
| total: | 68 | 7225g | / | 890w |
| Ancient Protector | 11 | 1485 | / | 880 |
| Altar of Elders | 2 | 360 | / | 100 |
| Moon Well | 10 | 1800 | / | 400 |
| Ancient of War | 1 | 150 | / | 60 |
| Ancient of Wonders | 1 | 90 | / | 30 |
| Tree of Life | 3 | 1020 | / | 555 |
| Hunter's Hall | 1 | 210 | / | 100 |
| Ancient of Lore | 3 | 465 | / | 435 |
| Ancient of Wind | 4 | 600 | / | 560 |
| Chimaera Roost | 1 | 140 | / | 190 |
| Tree of Ages | 1 | 320 | / | 180 |
| Tree of Eternity | 1 | 330 | / | 200 |
| total: | 37 | 6320g | / | 3310w |
| 0:02 | Wisp |
| 0:03 | Altar of Elders |
| 0:04 | Moon Well |
| 0:04 | Wisp |
| 0:24 | Ancient of War |
| 0:33 | Wisp |
| 0:42 | Wisp |
| 0:48 | Wisp |
| 0:54 | Wisp |
| 1:00 | Wisp |
| 1:07 | Wisp |
| 1:25 | Moon Well |
| 1:31 | Archer |
| 1:37 | Wisp |
| 1:45 | Wisp |
| 1:53 | Ancient of Wonders |
| 2:05 | Fan of Knives |
| 2:16 | Wisp |
| 2:21 | Archer |
| 2:28 | Moon Well |
| 2:44 | Archer |
| 2:58 | Archer |
| 3:16 | Wisp |
| 3:18 | Wisp |
| 3:43 | Archer |
| 3:51 | Blink |
| 4:01 | Tree of Life |
| 4:16 | Tree of Life |
| 4:19 | Tree of Ages |
| 4:32 | Archer |
| 5:18 | Moon Well |
| 5:21 | Hunter's Hall |
| 5:48 | Fan of Knives |
| 6:24 | Wisp |
| 6:24 | Wisp |
| 6:34 | Strength of the Moon |
| 6:36 | Moon Well |
| 6:46 | Breath of Fire |
| 6:58 | Ultravision |
| 7:00 | Ancient of Lore |
| 7:02 | Wisp |
| 7:03 | Wisp |
| 7:08 | Wisp |
| 7:31 | Blink |
| 7:33 | Improved Bows |
| 7:35 | Ancient of Wind |
| 7:36 | Wisp |
| 7:56 | Improved Strength of the Moon |
| 7:58 | Tree of Eternity |
| 7:59 | Wisp |
| 8:00 | Wisp |
| 8:17 | Ancient of Wind |
| 8:30 | Moon Well |
| 8:52 | Hippogryph |
| 8:53 | Mountain Giant |
| 8:56 | Ancient Protector |
| 9:20 | Reinforced Hides |
| 9:22 | Hippogryph |
| 9:35 | Drunken Brawler |
| 9:46 | Hippogryph |
| 9:49 | Wisp |
| 9:49 | Wisp |
| 9:51 | Ancient Protector |
| 9:55 | Ancient Protector |
| 9:58 | Wisp |
| 10:27 | Marksmanship |
| 10:30 | Wisp |
| 10:31 | Wisp |
| 10:42 | Druid of the Claw Adept Training |
| 10:49 | Wisp |
| 10:52 | Wisp |
| 10:53 | Wisp |
| 11:17 | Hippogryph |
| 11:18 | Dryad |
| 11:19 | Archer |
| 11:22 | Ancient Protector |
| 11:31 | Scroll of Town Portal |
| 11:42 | Orb of Venom |
| 11:56 | Nature's Blessing |
| 11:59 | Well Spring |
| 12:16 | Hippogryph |
| 12:38 | Ancient Protector |
| 12:39 | Ancient Protector |
| 12:43 | Ancient Protector |
| 13:06 | Hippogryph |
| 13:52 | Ancient Protector |
| 13:54 | Ancient Protector |
| 13:54 | Ancient Protector |
| 14:58 | Archer |
| 15:23 | Archer |
| 15:26 | Hippogryph |
| 16:32 | Tree of Life |
| 19:35 | Mountain Giant |
| 19:41 | Dryad |
| 20:26 | Anti-magic Potion |
| 20:41 | Hardened Skin |
| 20:44 | Hippogryph |
| 20:46 | Hippogryph |
| 24:58 | Wisp |
| 24:59 | Wisp |
| 25:41 | Ancient Protector |
| 26:12 | Advanced Strength of the Moon |
| 26:48 | Breath of Fire |
| 27:12 | Ancient of Wind |
| 27:45 | Strength of the Wild |
| 28:28 | Ancient of Wind |
| 28:33 | Chimaera Roost |
| 28:42 | Fan of Knives |
| 29:57 | Moon Well |
| 30:19 | Altar of Elders |
| 30:30 | Moon Well |
| 30:31 | Moon Well |
| 30:33 | Moon Well |
| 30:37 | Orb of Venom |
| 30:38 | Anti-magic Potion |
| 31:44 | Hippogryph |
| 31:59 | Wisp |
| 32:15 | Wisp |
| 32:15 | Wisp |
| 32:16 | Wisp |
| 32:16 | Wisp |
| 34:12 | Hippogryph |
| 34:12 | Hippogryph |
| 34:13 | Hippogryph |
| 34:44 | Corrosive Breath |
| 35:41 | Ancient of Lore |
| 35:41 | Ancient of Lore |
| 35:45 | Wisp |
| 35:45 | Wisp |
| 37:14 | Hippogryph |
| 38:11 | Druid of the Claw Master Training |
| 38:11 | Druid of the Claw |
| 38:12 | Dryad |
| 38:54 | Dryad |
| Right click | 1177 |
| Select group | 785 |
| Select | 671 |
| Misc. action | 417 |
| Build/train/purchase | 180 |
| Use ability | 99 |
| Assign group | 61 |
| Esc | 7 |
| Resource trade | 5 |
| Remove unit | 3 |
| Item give/drop | 1 |
| Minimap ping | 1 |



| Potion of Healing | 1 | 150 |
| Orb of Fire | 1 | 325 |
| Lesser Clarity Potion | 1 | 70 |
| Scroll of Town Portal | 2 | 700 |
| Potion of Lesser Invulnerability | 1 | 150 |
| total: | 6 | 1395g |
| Peasant | 26 | 1950 | / | 0 |
| Footman | 11 | 1485 | / | 0 |
| Mortar Team | 14 | 2520 | / | 980 |
| Siege Engine | 20 | 3900 | / | 1200 |
| Knight | 12 | 2940 | / | 720 |
| Sorceress | 3 | 465 | / | 60 |
| Priest | 1 | 135 | / | 10 |
| total: | 87 | 13395g | / | 2970w |
| Scout Tower | 31 | 930 | / | 620 |
| Guard Tower | 22 | 1540 | / | 1100 |
| Altar of Kings | 2 | 360 | / | 100 |
| Farm | 12 | 960 | / | 240 |
| Barracks | 2 | 320 | / | 120 |
| Town Hall | 7 | 2695 | / | 1435 |
| Lumber Mill | 1 | 120 | / | 0 |
| Arcane Vault | 1 | 130 | / | 30 |
| Blacksmith | 2 | 280 | / | 120 |
| Workshop | 6 | 840 | / | 840 |
| Arcane Sanctum | 1 | 150 | / | 140 |
| Keep | 1 | 320 | / | 210 |
| Castle | 1 | 360 | / | 210 |
| total: | 65 | 6785g | / | 3645w |
| 0:04 | Peasant |
| 0:04 | Peasant |
| 0:06 | Altar of Kings |
| 0:08 | Altar of Kings |
| 0:20 | Farm |
| 0:21 | Barracks |
| 0:45 | Peasant |
| 0:55 | Peasant |
| 1:02 | Farm |
| 1:16 | Peasant |
| 1:22 | Footman |
| 1:22 | Footman |
| 1:29 | Peasant |
| 1:40 | Farm |
| 1:44 | Footman |
| 1:49 | Peasant |
| 2:07 | Footman |
| 2:07 | Footman |
| 2:10 | Holy Light |
| 2:12 | Peasant |
| 2:23 | Peasant |
| 2:42 | Peasant |
| 2:42 | Footman |
| 3:16 | Town Hall |
| 3:25 | Divine Shield |
| 3:26 | Peasant |
| 3:44 | Lumber Mill |
| 4:07 | Peasant |
| 4:15 | Peasant |
| 4:15 | Peasant |
| 4:37 | Footman |
| 4:45 | Keep |
| 4:50 | Arcane Vault |
| 4:51 | Improved Lumber Harvesting |
| 5:01 | Peasant |
| 5:03 | Scout Tower |
| 5:06 | Footman |
| 5:08 | Barracks |
| 5:39 | Holy Light |
| 5:41 | Guard Tower |
| 5:42 | Scout Tower |
| 5:46 | Blacksmith |
| 5:49 | Farm |
| 5:50 | Peasant |
| 5:50 | Peasant |
| 5:53 | Improved Masonry |
| 5:53 | Footman |
| 6:15 | Guard Tower |
| 6:18 | Farm |
| 6:30 | Farm |
| 6:33 | Peasant |
| 6:33 | Peasant |
| 6:33 | Peasant |
| 6:33 | Peasant |
| 6:46 | Defend |
| 6:47 | Footman |
| 6:52 | Peasant |
| 7:06 | Farm |
| 7:11 | Workshop |
| 7:14 | Workshop |
| 7:17 | Peasant |
| 7:18 | Advanced Lumber Harvesting |
| 7:28 | Footman |
| 7:35 | Workshop |
| 7:37 | Peasant |
| 7:40 | Farm |
| 7:57 | Farm |
| 7:58 | Black Gunpowder |
| 8:07 | Flare |
| 8:07 | Mortar Team |
| 8:18 | Mortar Team |
| 8:56 | Scout Tower |
| 8:58 | Mortar Team |
| 9:01 | Castle |
| 9:37 | Guard Tower |
| 9:44 | Refined Gunpowder |
| 10:16 | Mortar Team |
| 10:42 | Mortar Team |
| 10:44 | Farm |
| 10:51 | Studded Leather Armor |
| 11:22 | Scout Tower |
| 11:23 | Advanced Masonry |
| 11:28 | Scout Tower |
| 11:31 | Scout Tower |
| 11:36 | Devotion Aura |
| 11:39 | Guard Tower |
| 11:40 | Scout Tower |
| 11:50 | Scout Tower |
| 11:51 | Scout Tower |
| 11:52 | Scout Tower |
| 11:56 | Guard Tower |
| 11:57 | Scout Tower |
| 11:58 | Scout Tower |
| 11:59 | Scout Tower |
| 12:01 | Scout Tower |
| 12:01 | Guard Tower |
| 12:04 | Scout Tower |
| 12:05 | Scout Tower |
| 12:05 | Scout Tower |
| 12:07 | Scout Tower |
| 12:08 | Scout Tower |
| 12:26 | Guard Tower |
| 12:28 | Guard Tower |
| 12:30 | Guard Tower |
| 12:33 | Guard Tower |
| 12:35 | Guard Tower |
| 12:44 | Summon Water Elemental |
| 12:53 | Guard Tower |
| 12:59 | Guard Tower |
| 13:25 | Guard Tower |
| 13:26 | Imbued Masonry |
| 13:55 | Barrage |
| 13:56 | Siege Engine |
| 14:07 | Iron Plating |
| 14:39 | Siege Engine |
| 15:03 | Fragmentation Shards |
| 15:06 | Animal War Training |
| 15:38 | Farm |
| 15:40 | Imbued Gunpowder |
| 16:41 | Town Hall |
| 16:43 | Scout Tower |
| 16:52 | Siege Engine |
| 16:59 | Guard Tower |
| 17:52 | Mortar Team |
| 18:42 | Mortar Team |
| 18:49 | Knight |
| 18:53 | Scout Tower |
| 19:44 | Guard Tower |
| 19:46 | Scout Tower |
| 19:58 | Mortar Team |
| 20:05 | Reinforced Leather Armor |
| 20:15 | Arcane Sanctum |
| 20:17 | Guard Tower |
| 20:27 | Knight |
| 20:29 | Mortar Team |
| 20:41 | Potion of Healing |
| 21:08 | Mortar Team |
| 21:34 | Steel Plating |
| 21:36 | Sorceress |
| 22:31 | Town Hall |
| 22:35 | Scout Tower |
| 22:37 | Scout Tower |
| 23:04 | Siege Engine |
| 23:31 | Workshop |
| 23:42 | Scroll of Town Portal |
| 23:47 | Orb of Fire |
| 24:30 | Peasant |
| 24:30 | Peasant |
| 25:06 | Siege Engine |
| 25:09 | Workshop |
| 25:13 | Workshop |
| 25:55 | Siege Engine |
| 26:14 | Siege Engine |
| 26:23 | Town Hall |
| 26:26 | Scout Tower |
| 26:44 | Siege Engine |
| 26:54 | Guard Tower |
| 26:56 | Scout Tower |
| 27:13 | Siege Engine |
| 27:25 | Guard Tower |
| 27:26 | Scout Tower |
| 27:35 | Guard Tower |
| 27:43 | Scout Tower |
| 27:46 | Brilliance Aura |
| 27:54 | Siege Engine |
| 28:05 | Guard Tower |
| 28:10 | Guard Tower |
| 28:45 | Siege Engine |
| 29:56 | Mortar Team |
| 31:23 | Knight |
| 31:25 | Mortar Team |
| 32:53 | Summon Bear |
| 33:18 | Siege Engine |
| 34:49 | Knight |
| 34:52 | Sorceress |
| 35:24 | Farm |
| 35:46 | Mortar Team |
| 35:48 | Siege Engine |
| 35:51 | Knight |
| 35:55 | Priest |
| 37:14 | Town Hall |
| 38:15 | Siege Engine |
| 38:47 | Siege Engine |
| 39:30 | Siege Engine |
| 39:32 | Knight |
| 39:47 | Lesser Clarity Potion |
| 40:50 | Knight |
| 42:13 | Knight |
| 42:55 | Siege Engine |
| 43:35 | Mortar Team |
| 43:51 | Knight |
| 44:40 | Town Hall |
| 46:10 | Scroll of Town Portal |
| 46:11 | Potion of Lesser Invulnerability |
| 46:43 | Knight |
| 47:40 | Knight |
| 47:55 | Siege Engine |
| 47:57 | Sorceress |
| 48:11 | Holy Light |
| 49:37 | Knight |
| 50:02 | Town Hall |
| 50:51 | Siege Engine |
| 52:29 | Siege Engine |
| 52:39 | Scout Tower |
| 52:39 | Scout Tower |
| 52:40 | Scout Tower |
| 52:56 | Blacksmith |
| Right click | 1909 |
| Select | 1118 |
| Select group | 969 |
| Build/train/purchase | 284 |
| Assign group | 88 |
| Use ability | 66 |
| Minimap ping | 15 |
| Chat | 8 |
| Item give/drop | 3 |
| Remove unit | 2 |